Workbook
Name Article: #REF!
Name CFAP: #REF!
Name Niveau_scolaire: #REF!
Name Priorité: #REF!
Name Programme: #REF!
Name Structure: #REF!
Name Tableau: #REF!
Name Titre_dépense: #REF!

Sheet Planificación de gastos
A1: Costing Exercise
B2: Estructura de la actividad | C2: 2016 | D2: C1 | E2: C2 | F2: C3 | G2: C4 | H2: 2017 | I2: 2018 | J2: Total 2016-2018
A3: Programa 1 RESTAURACIÓN DE LA DIVERSIDAD BIOLÓGICA Y SUS SERVICIOS ECOSISTÉMICOS | C3: =SUM(D3:G3) -> 471000 | D3: =D4 -> 117000 | E3: =E4 -> 117000 | F3: =F4 -> 117000 | G3: =G4 -> 120000 | H3: =H4 -> 56500 | I3: =I4 -> 39500 | J3: =C3+H3+I3 -> 567000
A4: Sub-programa 1.1 Establecer un Programa Nacional que promueva y fomente la recuperación, rehabilitación y restauración de los componentes de la diversidad biológica y sus servicios ecosistémicos. | C4: =SUM(D4:G4) -> 471000 | D4: =D5 -> 117000 | E4: =E5 -> 117000 | F4: =F5 -> 117000 | G4: =G5 -> 120000 | H4: =H5 -> 56500 | I4: =I5 -> 39500 | J4: =C4+H4+I4 -> 567000
A5: Acción 1.1.1 Implementación del Programa Nacional de Restauración. | C5: =SUM(D5:G5) -> 471000 | D5: =SUM(D6:D15) -> 117000 | E5: =SUM(E6:E15) -> 117000 | F5: =SUM(F6:F15) -> 117000 | G5: =SUM(G6:G15) -> 120000 | H5: =SUM(H6:H15) -> 56500 | I5: =SUM(I6:I15) -> 39500 | J5: =C5+H5+I5 -> 567000
B6: Socializar el programa nacional de restauración con los actores estratégicos (talleres regionales) | C6: =SUM(D6:G6) -> 32000 | D6: 8000 | E6: 8000 | F6: 8000 | G6: 8000 | H6: 0 | I6: 0 | J6: =C6+H6+I6 -> 32000
B7: Elaboración de proyectos y selección de áreas de ejecución | C7: =SUM(D7:G7) -> 10000 | D7: 2500 | E7: 2500 | F7: 2500 | G7: 2500 | H7: 0 | I7: 0 | J7: =C7+H7+I7 -> 10000
B8: Desarrollo de proyectos piloto (4 experiencies) | C8: =SUM(D8:G8) -> 120000 | D8: 30000 | E8: 30000 | F8: 30000 | G8: 30000 | H8: 20000 | I8: 0 | J8: =C8+H8+I8 -> 140000
B9: Evaluación de proyectos piloto | C9: =SUM(D9:G9) -> 6000 | D9: 1500 | E9: 1500 | F9: 1500 | G9: 1500 | H9: 1500 | I9: 1500 | J9: =C9+H9+I9 -> 9000
B10: Ejecución del progama a nivel nacional | C10: =SUM(D10:G10) -> 300000 | D10: 75000 | E10: 75000 | F10: 75000 | G10: 75000 | H10: 35000 | I10: 35000 | J10: =C10+H10+I10 -> 370000
B11: Auditorias periódicas | C11: =SUM(D11:G11) -> 3000 | G11: 3000 | H11: 0 | I11: 3000 | J11: =C11+H11+I11 -> 6000
C12: =SUM(D12:G12) -> 0 | J12: =C12+H12+I12 -> 0
C13: =SUM(D13:G13) -> 0 | J13: =C13+H13+I13 -> 0
C14: =SUM(D14:G14) -> 0 | J14: =C14+H14+I14 -> 0
C15: =SUM(D15:G15) -> 0 | J15: =C15+H15+I15 -> 0

Sheet Costos por categorías
A2: Sub-dirección de costos por categorías
B3: 2016 | G3: 2017 | L3: 2018
A4: Categorías de gastos | B4: Salario | C4: Gastos de funcionamiento | D4: Inversión | E4: Total | F4: Validación | G4: =B4 -> Salario | H4: =C4 -> Gastos de funcionamiento | I4: =D4 -> Inversión | J4: Total | K4: =F4 -> Validación | L4: =G4 -> Salario | M4: =H4 -> Gastos de funcionamiento | N4: =I4 -> Inversión | O4: Total | P4: =K4 -> Validación
A5: Suma de gastos | B5: =B6 -> 41000 | C5: =C6 -> 320000 | D5: =D6 -> 110000 | E5: =E6 -> 471000 | G5: =G6 -> 7500 | H5: =H6 -> 40000 | I5: =I6 -> 9000 | J5: =J6 -> 56500 | L5: =L6 -> 8500 | M5: =M6 -> 25000 | N5: =N6 -> 6000 | O5: =O6 -> 39500
A6: ='Planificación de gastos'!A3 -> Programa 1 RESTAURACIÓN DE LA DIVERSIDAD BIOLÓGICA Y SUS SERVICIOS ECOSISTÉMICOS | B6: =B7 -> 41000 | C6: =C7 -> 320000 | D6: =D7 -> 110000 | E6: ='Planificación de gastos'!C3 -> 471000 | F6: =IF((B6+C6+D6)=0,0,E6-SUM(B6:D6)) -> 0 | G6: =G7 -> 7500 | H6: =H7 -> 40000 | I6: =I7 -> 9000 | J6: ='Planificación de gastos'!H3 -> 56500 | K6: =IF((G6+H6+I6)=0,0,J6-SUM(G6:I6)) -> 0 | L6: =L7 -> 8500 | M6: =M7 -> 25000 | N6: =N7 -> 6000 | O6: ='Planificación de gastos'!I3 -> 39500 | P6: =IF((L6+M6+N6)=0,0,O6-SUM(L6:N6)) -> 0
A7: ='Planificación de gastos'!A4 -> Sub-programa 1.1 Establecer un Programa Nacional que promueva y fomente la recuperación, rehabilitación y restauración de los componentes de la diversidad biológica y sus servicios ecosistémicos. | B7: =B8 -> 41000 | C7: =C8 -> 320000 | D7: =D8 -> 110000 | E7: ='Planificación de gastos'!C4 -> 471000 | F7: =IF((B7+C7+D7)=0,0,E7-SUM(B7:D7)) -> 0 | G7: =G8 -> 7500 | H7: =H8 -> 40000 | I7: =I8 -> 9000 | J7: ='Planificación de gastos'!H4 -> 56500 | K7: =IF((G7+H7+I7)=0,0,J7-SUM(G7:I7)) -> 0 | L7: =L8 -> 8500 | M7: =M8 -> 25000 | N7: =N8 -> 6000 | O7: ='Planificación de gastos'!I4 -> 39500 | P7: =IF((L7+M7+N7)=0,0,O7-SUM(L7:N7)) -> 0
A8: ='Planificación de gastos'!A5 -> Acción 1.1.1 Implementación del Programa Nacional de Restauración. | B8: =SUM(B9:B19) -> 41000 | C8: =SUM(C9:C19) -> 320000 | D8: =SUM(D9:D19) -> 110000 | E8: ='Planificación de gastos'!C5 -> 471000 | F8: =IF((B8+C8+D8)=0,0,E8-SUM(B8:D8)) -> 0 | G8: =SUM(G9:G19) -> 7500 | H8: =SUM(H9:H19) -> 40000 | I8: =SUM(I9:I19) -> 9000 | J8: ='Planificación de gastos'!H5 -> 56500 | K8: =IF((G8+H8+I8)=0,0,J8-SUM(G8:I8)) -> 0 | L8: =SUM(L9:L19) -> 8500 | M8: =SUM(M9:M19) -> 25000 | N8: =SUM(N9:N19) -> 6000 | O8: ='Planificación de gastos'!I5 -> 39500 | P8: =IF((L8+M8+N8)=0,0,O8-SUM(L8:N8)) -> 0
A9: ='Planificación de gastos'!B6 -> Socializar el programa nacional de restauración con los actores estratégicos (talleres regionales) | B9: 4000 | C9: 28000 | E9: ='Planificación de gastos'!C6 -> 32000 | F9: =IF((B9+C9+D9)=0,0,E9-SUM(B9:D9)) -> 0 | G9: 0 | H9: 0 | I9: 0 | J9: ='Planificación de gastos'!H6 -> 0 | K9: =IF((G9+H9+I9)=0,0,J9-SUM(G9:I9)) -> 0 | L9: 0 | M9: 0 | N9: 0 | O9: ='Planificación de gastos'!I6 -> 0 | P9: =IF((L9+M9+N9)=0,0,O9-SUM(L9:N9)) -> 0
A10: Elaboración de proyectos y selección de áreas de ejecución | B10: 4000 | C10: 6000 | E10: ='Planificación de gastos'!C7 -> 10000 | G10: 0 | H10: 0 | I10: 0 | L10: 0 | M10: 0 | N10: 0
A11: ='Planificación de gastos'!B8 -> Desarrollo de proyectos piloto (4 experiencies) | B11: 8000 | C11: 76000 | D11: 36000 | E11: ='Planificación de gastos'!C8 -> 120000 | F11: =IF((B11+C11+D11)=0,0,E11-SUM(B11:D11)) -> 0 | G11: 2000 | H11: 15000 | I11: 3000 | J11: ='Planificación de gastos'!H8 -> 20000 | K11: =IF((G11+H11+I11)=0,0,J11-SUM(G11:I11)) -> 0 | L11: 0 | M11: 0 | N11: 0 | O11: ='Planificación de gastos'!I7 -> 0 | P11: =IF((L11+M11+N11)=0,0,O11-SUM(L11:N11)) -> 0
A12: ='Planificación de gastos'!B9 -> Evaluación de proyectos piloto | B12: 6000 | E12: ='Planificación de gastos'!C9 -> 6000 | F12: =IF((B12+C12+D12)=0,0,E12-SUM(B12:D12)) -> 0 | G12: 1500 | J12: ='Planificación de gastos'!H9 -> 1500 | K12: =IF((G12+H12+I12)=0,0,J12-SUM(G12:I12)) -> 0 | L12: 1500 | M12: 0 | N12: 0 | O12: ='Planificación de gastos'!I9 -> 1500 | P12: =IF((L12+M12+N12)=0,0,O12-SUM(L12:N12)) -> 0
A13: ='Planificación de gastos'!B10 -> Ejecución del progama a nivel nacional | B13: 16000 | C13: 210000 | D13: 74000 | E13: ='Planificación de gastos'!C10 -> 300000 | F13: =IF((B13+C13+D13)=0,0,E13-SUM(B13:D13)) -> 0 | G13: 4000 | H13: 25000 | I13: 6000 | J13: ='Planificación de gastos'!H10 -> 35000 | K13: =IF((G13+H13+I13)=0,0,J13-SUM(G13:I13)) -> 0 | L13: 4000 | M13: 25000 | N13: 6000 | O13: ='Planificación de gastos'!I10 -> 35000 | P13: =IF((L13+M13+N13)=0,0,O13-SUM(L13:N13)) -> 0
A14: ='Planificación de gastos'!B11 -> Auditorias periódicas | B14: 3000 | E14: ='Planificación de gastos'!C11 -> 3000 | F14: =IF((B14+C14+D14)=0,0,E14-SUM(B14:D14)) -> 0 | G14: 0 | H14: 0 | I14: 0 | J14: ='Planificación de gastos'!H11 -> 0 | K14: =IF((G14+H14+I14)=0,0,J14-SUM(G14:I14)) -> 0 | L14: 3000 | O14: ='Planificación de gastos'!I11 -> 3000 | P14: =IF((L14+M14+N14)=0,0,O14-SUM(L14:N14)) -> 0
A15: ='Planificación de gastos'!B12 -> 0 | F15: =IF((B15+C15+D15)=0,0,E15-SUM(B15:D15)) -> 0 | J15: ='Planificación de gastos'!H11 -> 0 | K15: =IF((G15+H15+I15)=0,0,J15-SUM(G15:I15)) -> 0
A16: ='Planificación de gastos'!B13 -> 0 | E16: ='Planificación de gastos'!C12 -> 0 | F16: =IF((B16+C16+D16)=0,0,E16-SUM(B16:D16)) -> 0 | J16: ='Planificación de gastos'!H12 -> 0 | K16: =IF((G16+H16+I16)=0,0,J16-SUM(G16:I16)) -> 0 | O16: ='Planificación de gastos'!I12 -> 0 | P16: =IF((L16+M16+N16)=0,0,O16-SUM(L16:N16)) -> 0
A17: ='Planificación de gastos'!B14 -> 0 | E17: ='Planificación de gastos'!C13 -> 0 | F17: =IF((B17+C17+D17)=0,0,E17-SUM(B17:D17)) -> 0 | J17: ='Planificación de gastos'!H13 -> 0 | K17: =IF((G17+H17+I17)=0,0,J17-SUM(G17:I17)) -> 0 | O17: ='Planificación de gastos'!I13 -> 0 | P17: =IF((L17+M17+N17)=0,0,O17-SUM(L17:N17)) -> 0
A18: ='Planificación de gastos'!B15 -> 0 | E18: ='Planificación de gastos'!C14 -> 0 | F18: =IF((B18+C18+D18)=0,0,E18-SUM(B18:D18)) -> 0 | J18: ='Planificación de gastos'!H14 -> 0 | K18: =IF((G18+H18+I18)=0,0,J18-SUM(G18:I18)) -> 0 | O18: ='Planificación de gastos'!I14 -> 0 | P18: =IF((L18+M18+N18)=0,0,O18-SUM(L18:N18)) -> 0
A19: ='Planificación de gastos'!B16 -> 0 | E19: ='Planificación de gastos'!C15 -> 0 | F19: =IF((B19+C19+D19)=0,0,E19-SUM(B19:D19)) -> 0 | J19: ='Planificación de gastos'!H15 -> 0 | K19: =IF((G19+H19+I19)=0,0,J19-SUM(G19:I19)) -> 0 | O19: ='Planificación de gastos'!I15 -> 0 | P19: =IF((L19+M19+N19)=0,0,O19-SUM(L19:N19)) -> 0

Sheet Gráfica
A1: 2 | B1: Gastos por categorías de 2016-2018
B3: Gastos por categorías
B4: Categorías/años | C4: 2016 | D4: =C4+1 -> 2017 | E4: =D4+1 -> 2018 | F4: Total | G4: %
B5: ='Costos por categorías'!B4 -> Salario | C5: ='Costos por categorías'!B5 -> 41000 | D5: ='Costos por categorías'!G5 -> 7500 | E5: ='Costos por categorías'!L5 -> 8500 | F5: =SUM(C5:E5) -> 57000 | G5: =F5/$F$8 -> 0.1005291
B6: ='Costos por categorías'!C4 -> Gastos de funcionamiento | C6: ='Costos por categorías'!C5 -> 320000 | D6: ='Costos por categorías'!H5 -> 40000 | E6: ='Costos por categorías'!M5 -> 25000 | F6: =SUM(C6:E6) -> 385000 | G6: =F6/$F$8 -> 0.67901235
B7: ='Costos por categorías'!D4 -> Inversión | C7: ='Costos por categorías'!D5 -> 110000 | D7: ='Costos por categorías'!I5 -> 9000 | E7: ='Costos por categorías'!N5 -> 6000 | F7: =SUM(C7:E7) -> 125000 | G7: =F7/$F$8 -> 0.22045855
B8: TOTAL gastos | C8: =SUM(C5:C7) -> 471000 | D8: =SUM(D5:D7) -> 56500 | E8: =SUM(E5:E7) -> 39500 | F8: =SUM(F5:F7) -> 567000 | G8: =F8/$F$8 -> 1
